[Event "56th Biel Festival MTO 2023"]
[White "Wang,Chen"]
[Black "Weishaeutel,Moritz"]
[Site "Biel"]
[Round "7.10"]
[Annotator "ChessBase"]
[Result "1/2-1/2"]
[Date "2023.07.25"]
[WhiteElo "2477"]
[BlackElo "2442"]
[PlyCount "129"]
[TimeControl "60"]

1. e4 c5 2. Nf3 d6 3. Bb5+ Bd7 4. Bxd7+ Nxd7 5. O-O Ngf6 6. Qe2 e6 7. c3 Be7 8. d4 O-O 9. Rd1 cxd4 10. cxd4 b5 11. Ne1 Qb6 12. f3 Rfc8 13. Be3 Qb7 14. Nd2 a6 15. Nf1 Nf8 16. Nd3 Rc7 17. Bf2 Rac8 18. Ne3 Ng6 19. g3 a5 20. Rac1 b4 21. Qd2 Bd8 22. Rxc7 Bxc7 23. b3 Ne7 24. Nb2 d5 25. e5 Nd7 26. Na4 Bb6 27. Ng2 Rc6 28. Rc1 Qa7 29. Rxc6 Nxc6 30. Nxb6 Qxb6 31. Nf4 Na7 32. Nh5 h6 33. Be3 Kh7 34. Kg2 Qc6 35. Kf1 Nb5 36. Nf4 Qc3 37. Ne2 Qa1+ 38. Kf2 Nc3 39. Nxc3 bxc3 40. Qc2+ g6 41. Bc1 Nb8 42. Ke3 Nc6 43. a3 a4 44. bxa4 Na5 45. Kd3 Nc4 46. Qxc3 Qb1+ 47. Ke2 Qa2+ 48. Kd1 Qxh2 49. g4 Qf2 50. a5 Qa2 51. Ke1 Qb1 52. Kf2 Kg7 53. f4 Nxa5 54. f5 exf5 55. e6 Nc4 56. e7 Qb8 57. Qg3 Qe8 58. Qc7 Qa4 59. gxf5 Qc2+ 60. Kg3 Qd3+ 61. Kh2 Qe2+ 62. Kg3 Qe1+ 63. Kh2 Qf2+ 64. Kh1 Qf1+ 65. Kh2 1/2-1/2

[Event "56th Biel Festival MTO 2023"]
[White "Jinan Jomon"]
[Black "Saraci,Nderim"]
[Site "Biel"]
[Round "7.11"]
[Annotator "ChessBase"]
[Result "0-1"]
[Date "2023.07.25"]
[WhiteElo "2409"]
[BlackElo "2472"]
[PlyCount "82"]
[TimeControl "60"]

1. c4 Nf6 2. Nf3 g6 3. d4 Bg7 4. g3 O-O 5. Bg2 d6 6. Nc3 Nc6 7. O-O e5 8. dxe5 dxe5 9. Bg5 Be6 10. Nd2 h6 11. Bxf6 Bxf6 12. Nde4 Bg7 13. Nc5 Bc8 14. Qa4 Qd6 15. N5e4 Qb4 16. Qxb4 Nxb4 17. Nc5 c6 18. Rad1 Rb8 19. a3 Na6 20. Nxa6 bxa6 21. Bxc6 Bh3 22. Rfe1 Rfc8 23. Bd5 Rxb2 24. Ne4 Bf5 25. Nd6 Rc7 26. e4 Bg4 27. Rb1 Rb6 28. a4 Rxd6 29. Rb8+ Bf8 30. Reb1 Kg7 31. Ra8 Rb6 32. Rxb6 axb6 33. Rxa6 Bc5 34. Kg2 Be2 35. a5 b5 36. cxb5 Bxb5 37. Ra8 Bc6 38. Bxc6 Rxc6 39. f4 Bd4 40. a6 Rc2+ 41. Kf3 h5 0-1

[Event "56th Biel Festival MTO 2023"]
[White "Rathanvel,V S"]
[Black "Licznerski,Lukasz"]
[Site "Biel"]
[Round "7.12"]
[Annotator "ChessBase"]
[Result "1-0"]
[Date "2023.07.25"]
[WhiteElo "2463"]
[BlackElo "2430"]
[PlyCount "47"]
[TimeControl "60"]

1. e4 e5 2. Nf3 Nc6 3. Bb5 a6 4. Ba4 Nf6 5. O-O Be7 6. Re1 b5 7. Bb3 d6 8. c3 O-O 9. h3 Re8 10. d4 h6 11. Nbd2 Bb7 12. Nf1 Bf8 13. Ng3 Na5 14. Bc2 Nc4 15. b3 Nb6 16. Bd2 c5 17. d5 c4 18. Be3 Qc7 19. Rc1 Nfd7 20. Nf5 Kh7 21. Bxh6 gxh6 22. Ng5+ Kg8 23. Qh5 Nc5 24. Re3 1-0

[Event "56th Biel Festival MTO 2023"]
[White "Ajay Krishna,S."]
[Black "Chasin,Nico"]
[Site "Biel"]
[Round "7.13"]
[Annotator "ChessBase"]
[Result "0-1"]
[Date "2023.07.25"]
[WhiteElo "2390"]
[BlackElo "2455"]
[PlyCount "84"]
[TimeControl "60"]

1. Nf3 Nf6 2. c4 e6 3. g3 d5 4. Bg2 d4 5. O-O Nc6 6. e3 e5 7. exd4 exd4 8. d3 Be7 9. Re1 O-O 10. Na3 h6 11. Nc2 a5 12. a3 Bc5 13. b3 Bf5 14. Rb1 Bh7 15. b4 axb4 16. axb4 Ba7 17. Bb2 Nd7 18. c5 Re8 19. Rxe8+ Qxe8 20. Nfxd4 Nxd4 21. Bxd4 Rd8 22. Qd2 Nf8 23. Bf1 c6 24. Bb2 b6 25. Qc3 Ne6 26. Re1 Qd7 27. Re3 bxc5 28. bxc5 Bf5 29. Re5 Bg6 30. Nb4 f6 31. Re1 Bxc5 32. Bh3 Bxb4 33. Qxb4 Bf7 34. Bf5 Qd5 35. Be4 Qc5 36. Qb7 Ng5 37. d4 Qa5 38. Re2 Bc4 39. Bd3 Bxd3 40. Re7 Kh8 41. h4 Nf3+ 42. Kg2 Qd5 0-1

[Event "56th Biel Festival MTO 2023"]
[White "Muthaiah AL"]
[Black "Sukandar,Irine Kharisma"]
[Site "Biel"]
[Round "7.14"]
[Annotator "ChessBase"]
[Result "1-0"]
[Date "2023.07.25"]
[WhiteElo "2445"]
[BlackElo "2358"]
[PlyCount "79"]
[TimeControl "60"]

1. d4 d5 2. Bf4 Nf6 3. e3 c5 4. Nf3 e6 5. Nbd2 Qb6 6. Rb1 Bd6 7. dxc5 Qxc5 8. b4 Qc7 9. Bxd6 Qxd6 10. c4 b6 11. cxd5 exd5 12. Nd4 O-O 13. Be2 Nc6 14. Nxc6 Qxc6 15. O-O Bf5 16. Rc1 Qd6 17. b5 Rac8 18. Qa4 Nd7 19. Nb3 Bc2 20. Qxa7 Bxb3 21. Rxc8 Rxc8 22. axb3 Nc5 23. Rc1 Qd8 24. Qa3 h6 25. h3 Ne4 26. Bf3 Nc3 27. Qb2 Qf6 28. Rc2 d4 29. Bc6 Rd8 30. exd4 Nd1 31. Qa1 Rxd4 32. Bf3 Qe5 33. Qc1 Rd6 34. g3 g6 35. Kg2 Qe1 36. Re2 Qc3 37. Qxh6 Rd8 38. Bd5 Qf6 39. Bc4 Nc3 40. Re3 1-0

[Event "56th Biel Festival MTO 2023"]
[White "Materia,Marco"]
[Black "Huston,Gus"]
[Site "Biel"]
[Round "7.15"]
[Annotator "ChessBase"]
[Result "0-1"]
[Date "2023.07.25"]
[WhiteElo "2436"]
[BlackElo "2341"]
[PlyCount "112"]
[TimeControl "60"]

1. d4 Nf6 2. c4 e6 3. Nf3 d5 4. Nc3 c6 5. Bg5 Nbd7 6. e3 Be7 7. Qc2 O-O 8. a3 b6 9. cxd5 cxd5 10. Bd3 Bb7 11. O-O h6 12. Bh4 Nh5 13. Bxe7 Qxe7 14. Rac1 Rfc8 15. Qe2 a6 16. Rc2 Nhf6 17. Rfc1 b5 18. a4 b4 19. Nb1 Qd8 20. Nbd2 Qa5 21. Qd1 Ne8 22. Rxc8 Rxc8 23. Rxc8 Bxc8 24. Qc2 Bb7 25. Kf1 Nd6 26. Ne1 Qb6 27. Nb3 a5 28. Nc5 Bc6 29. b3 Nb7 30. Nxb7 Bxb7 31. Bb5 Ba6 32. Bxa6 Qxa6+ 33. Nd3 e5 34. Kg1 exd4 35. exd4 Qg6 36. f3 Nf8 37. Qd1 Qg5 38. Qc1 Ne6 39. f4 Qf6 40. Ne5 Nxf4 41. Qc8+ Kh7 42. Qc2+ g6 43. Qf2 g5 44. h3 Kg7 45. Kh2 h5 46. Qf3 h4 47. Qe3 Qe6 48. Qc1 Qf5 49. Qf1 Qc2 50. Qf3 f6 51. Nd7 Qc7 52. Nc5 Ne6+ 53. Kh1 Nxc5 54. dxc5 Qxc5 55. Qf5 Qc1+ 56. Kh2 Qf4+ 0-1

[Event "56th Biel Festival MTO 2023"]
[White "Rohith Krishna S"]
[Black "Rosen,Eric"]
[Site "Biel"]
[Round "7.16"]
[Annotator "ChessBase"]
[Result "1/2-1/2"]
[Date "2023.07.25"]
[WhiteElo "2429"]
[BlackElo "2344"]
[PlyCount "132"]
[TimeControl "60"]

1. d4 d5 2. c4 e6 3. Nc3 Nf6 4. Bg5 c6 5. e3 Nbd7 6. cxd5 exd5 7. Bd3 Be7 8. Qc2 Nh5 9. Bxe7 Qxe7 10. Nge2 Nb6 11. O-O-O Be6 12. h3 O-O-O 13. g4 Nf6 14. f3 Kb8 15. Kb1 h5 16. g5 Ne8 17. h4 Nd6 18. e4 Ndc4 19. Qc1 dxe4 20. fxe4 Bg4 21. Ka1 c5 22. Nb5 a6 23. Bxc4 Nxc4 24. Qf4+ Ka8 25. Nbc3 cxd4 26. Rxd4 Qb4 27. Qc1 Rxd4 28. Nxd4 Nxb2 29. Qxb2 Qxd4 30. Rb1 Rb8 31. Nd5 Qxb2+ 32. Kxb2 Ka7 33. Rf1 Be6 34. Nf4 Bg4 35. Nd5 Re8 36. Rf4 Be6 37. Nc7 Re7 38. Nxe6 Rxe6 39. Rxf7 Rxe4 40. Rxg7 Rxh4 41. Rh7 Rh2+ 42. Kb3 Rh3+ 43. Kb2 h4 44. g6 Rg3 45. Rxh4 Rxg6 46. Rh7 Rb6+ 47. Ka1 a5 48. a3 Rb3 49. Ka2 Rd3 50. Rh6 b6 51. a4 Kb7 52. Kb2 Kc7 53. Rg6 Rd6 54. Rg5 Kc6 55. Kc3 Rd5 56. Rg6+ Kc5 57. Rh6 Rg5 58. Rh3 Re5 59. Rf3 Kd5 60. Rh3 Rg5 61. Rd3+ Kc5 62. Rh3 Rg1 63. Rh5+ Kc6 64. Rh6+ Kb7 65. Rh7+ Ka6 66. Kb3 Rg3+ 1/2-1/2

[Event "56th Biel Festival MTO 2023"]
[White "Huang,Qian"]
[Black "Eidelman,Gabriel"]
[Site "Biel"]
[Round "7.17"]
[Annotator "ChessBase"]
[Result "1/2-1/2"]
[Date "2023.07.25"]
[WhiteElo "2422"]
[BlackElo "2204"]
[PlyCount "32"]
[TimeControl "60"]

1. c4 e6 2. g3 d5 3. Bg2 Nf6 4. Nf3 d4 5. d3 Bb4+ 6. Bd2 a5 7. O-O Nc6 8. e3 O-O 9. exd4 Nxd4 10. Nc3 Nxf3+ 11. Qxf3 e5 12. Bg5 h6 13. Bxf6 Qxf6 14. Qxf6 gxf6 15. Nd5 c6 16. Nb6 Ra6 1/2-1/2

[Event "56th Biel Festival MTO 2023"]
[White "Shlyakhtenko,Robert"]
[Black "Wessman,Richard"]
[Site "Biel"]
[Round "7.18"]
[Annotator "ChessBase"]
[Result "1-0"]
[Date "2023.07.25"]
[WhiteElo "2401"]
[BlackElo "2410"]
[PlyCount "79"]
[TimeControl "60"]

1. d4 d5 2. c4 c6 3. Nf3 Nf6 4. Nc3 dxc4 5. e4 b5 6. Be2 e6 7. a4 b4 8. e5 bxc3 9. exf6 cxb2 10. fxg7 Bxg7 11. Bxb2 Qa5+ 12. Nd2 Ba6 13. Ra3 Bf8 14. O-O Rg8 15. Rc3 Nd7 16. Nxc4 Bxc4 17. Rxc4 Qd5 18. g3 Nb6 19. Rxc6 Qxc6 20. Bb5 Qxb5 21. axb5 Rg5 22. Qf3 Rc8 23. Ra1 Rxb5 24. Rxa7 Nd7 25. Ba3 Bxa3 26. Ra8 Rxa8 27. Qxa8+ Rb8 28. Qxa3 Nf6 29. d5 Nxd5 30. Qa1 Rd8 31. Qh8+ Ke7 32. Qxh7 Nf6 33. Qh4 e5 34. Qb4+ Ke6 35. Kg2 Rd4 36. Qb3+ Nd5 37. h4 Kf5 38. Qf3+ Kg6 39. h5+ Kg7 40. Qf5 1-0

[Event "56th Biel Festival MTO 2023"]
[White "Harikrishnan.A.Ra"]
[Black "Coles,Ruben"]
[Site "Biel"]
[Round "7.19"]
[Annotator "ChessBase"]
[Result "1-0"]
[Date "2023.07.25"]
[WhiteElo "2406"]
[BlackElo "2167"]
[PlyCount "67"]
[TimeControl "60"]

1. d4 d5 2. c4 e6 3. Nf3 Nf6 4. g3 Be7 5. Bg2 O-O 6. O-O c6 7. Nc3 a5 8. Qd3 b6 9. b3 Ba6 10. Rd1 Nbd7 11. a4 Bb4 12. Bb2 Rc8 13. Rac1 Qe7 14. e3 Rfd8 15. Qe2 c5 16. Nb5 Ne4 17. cxd5 exd5 18. dxc5 Ndxc5 19. Nfd4 g6 20. Ba1 f5 21. h4 Bb7 22. Qb2 Qg7 23. Qa2 Qe7 24. Ne2 Nf6 25. Qb2 Kf7 26. Nf4 Nce4 27. Nd3 Rxc1 28. Rxc1 Rc8 29. Rxc8 Bxc8 30. Nxb4 axb4 31. Qd4 Qe6 32. Qxb4 Nc5 33. Qc3 Bb7 34. Nc7 1-0

[Event "56th Biel Festival MTO 2023"]
[White "Vasquez Toledo,Cristian"]
[Black "Seul,Georg"]
[Site "Biel"]
[Round "7.20"]
[Annotator "ChessBase"]
[Result "1/2-1/2"]
[Date "2023.07.25"]
[WhiteElo "2233"]
[BlackElo "2376"]
[PlyCount "68"]
[TimeControl "60"]

1. e4 c6 2. d4 d5 3. e5 c5 4. Nf3 Nc6 5. dxc5 Bg4 6. c3 e6 7. Be3 a6 8. Nbd2 Nxe5 9. Qa4+ Qd7 10. Qf4 Bxf3 11. Nxf3 Ng6 12. Qg3 Nf6 13. Bd3 Rc8 14. h4 Ne4 15. Bxe4 dxe4 16. Nd2 Qd3 17. Rd1 h5 18. Nb3 Qb5 19. Rd4 Be7 20. Rb4 Qd3 21. Nc1 Qd5 22. Ke2 O-O 23. Rd1 Qf5 24. Rxb7 Bxh4 25. Qh2 Rxc5 26. Nb3 Qg4+ 27. Ke1 Rd5 28. Rxd5 exd5 29. Nc5 Qc8 30. Qc7 Qg4 31. Nd7 Ra8 32. Nb6 Rf8 33. Nd7 Ra8 34. Nb6 Rf8 1/2-1/2

[Event "56th Biel Festival MTO 2023"]
[White "Karthik Rajaa"]
[Black "Morawietz,Dieter"]
[Site "Biel"]
[Round "7.21"]
[Annotator "ChessBase"]
[Result "1/2-1/2"]
[Date "2023.07.26"]
[WhiteElo "2276"]
[BlackElo "2396"]
[PlyCount "137"]
[TimeControl "60"]

1. d4 Nf6 2. c4 e6 3. Nc3 Bb4 4. e3 b6 5. Nge2 Ba6 6. a3 Bxc3+ 7. Nxc3 d5 8. b3 Nc6 9. a4 O-O 10. Be2 Re8 11. a5 bxa5 12. O-O Rb8 13. Re1 Qe7 14. Ra4 Red8 15. Ba3 Qe8 16. Qc2 Bc8 17. cxd5 exd5 18. Bb5 a6 19. Bxc6 Qxc6 20. Bc5 Re8 21. Rxa5 Re6 22. f3 Qb7 23. b4 Bd7 24. Qd3 Rbe8 25. Ra2 h5 26. Rae2 Bb5 27. Nxb5 Qxb5 28. Qxb5 axb5 29. Kf2 Ra8 30. h4 Ra3 31. Rc1 Nd7 32. Rce1 f5 33. Kg3 Kf7 34. Kf4 g6 35. Kg3 Rea6 36. Kh2 Re6 37. Kg3 Nb8 38. Kh2 Nc6 39. e4 fxe4 40. fxe4 Rxe4 41. Rxe4 dxe4 42. Rxe4 Rd3 43. g4 hxg4 44. Rxg4 Kf6 45. Rf4+ Kg7 46. Kg2 Kh6 47. Re4 Kh5 48. Kf2 Nb8 49. Ke2 Rb3 50. d5 Na6 51. Be7 Kh6 52. Kd2 Rf3 53. Re6 Nb8 54. Re5 Nd7 55. Bg5+ Kh5 56. Re7 Nb6 57. Rxc7 Rf5 58. Rc5 Rxd5+ 59. Ke3 Rf5 60. Ke4 Nc4 61. Kd4 Kg4 62. Rd5 Rxd5+ 63. Kxd5 Na3 64. Kc5 Kh5 65. Bc1 Nc2 66. Bg5 Na3 67. Bc1 Nc2 68. Kxb5 Nxb4 69. Kxb4 1/2-1/2

[Event "56th Biel Festival MTO 2023"]
[White "Joly,Julien"]
[Black "Jain Kashish Manoj"]
[Site "Biel"]
[Round "7.22"]
[Annotator "ChessBase"]
[Result "1-0"]
[Date "2023.07.25"]
[WhiteElo "2249"]
[BlackElo "2375"]
[PlyCount "93"]
[TimeControl "60"]

1. d4 Nf6 2. Nf3 g6 3. g3 Bg7 4. Bg2 O-O 5. c4 d6 6. O-O Nc6 7. d5 Na5 8. Qa4 c5 9. Bd2 b6 10. Bc3 Rb8 11. Nbd2 Bd7 12. Qc2 b5 13. b3 e6 14. dxe6 fxe6 15. Rad1 Qc7 16. Ng5 Nc6 17. cxb5 Rxb5 18. Bh3 e5 19. Bxd7 Qxd7 20. Qd3 Nd4 21. e3 e4 22. Ndxe4 Nxe4 23. Nxe4 Nf3+ 24. Kg2 c4 25. Qxc4+ d5 26. Bxg7 Nh4+ 27. Kh1 Qh3 28. Nf6+ Rxf6 29. Qxh4 Qxh4 30. gxh4 Kxg7 31. Kg2 Ra6 32. Rd2 Kf6 33. Rfd1 Ke6 34. Rc1 h5 35. f4 Rab6 36. Rc8 Kd7 37. Rg8 Ra6 38. Kf3 Ke7 39. Rc2 Kf7 40. Rgc8 Rbb6 41. Rd8 Ke6 42. Rd2 Ra5 43. Re8+ Kf6 44. Re5 Rbb5 45. Rg5 Kf7 46. h3 Kf6 47. Rdg2 1-0

[Event "56th Biel Festival MTO 2023"]
[White "Ermitsch,Magnus"]
[Black "Haimovich,Tal"]
[Site "Biel"]
[Round "7.23"]
[Annotator "ChessBase"]
[Result "0-1"]
[Date "2023.07.25"]
[WhiteElo "2232"]
[BlackElo "2374"]
[PlyCount "70"]
[TimeControl "60"]

1. e4 e5 2. Nf3 Nc6 3. Bb5 a6 4. Ba4 Bc5 5. O-O Nge7 6. c3 Ba7 7. Re1 O-O 8. Bb3 d6 9. d3 Ng6 10. Bg5 Qe8 11. Nbd2 Kh8 12. Be3 Bxe3 13. Rxe3 Nf4 14. d4 Bg4 15. h3 Bd7 16. Nf1 f6 17. Ng3 Ne7 18. Kh2 Rd8 19. Ne2 g5 20. Neg1 Qh5 21. dxe5 fxe5 22. Qf1 g4 23. Ne1 Rf6 24. g3 Nxh3 25. Nxh3 Rdf8 26. Nd3 Rh6 27. Bd1 Qg6 28. Kg1 Rxh3 29. Qg2 Qg5 30. Be2 Rf6 31. Rd1 Rfh6 32. f4 Qh5 33. Nf2 Rh2 34. Qf1 exf4 35. gxf4 Qh4 0-1

[Event "56th Biel Festival MTO 2023"]
[White "Pham,Le Thao Nguyen"]
[Black "Lohia,Sohum"]
[Site "Biel"]
[Round "7.24"]
[Annotator "ChessBase"]
[Result "1/2-1/2"]
[Date "2023.07.25"]
[WhiteElo "2369"]
[BlackElo "2247"]
[PlyCount "66"]
[TimeControl "60"]

1. d4 Nf6 2. Nf3 e6 3. Bf4 d5 4. e3 Bd6 5. Bg3 O-O 6. Nbd2 c5 7. c3 Qc7 8. Bxd6 Qxd6 9. Ne5 Nfd7 10. f4 f6 11. Nxd7 Bxd7 12. Be2 e5 13. dxe5 Qe7 14. Nf3 Bc6 15. c4 dxc4 16. Bxc4+ Kh8 17. Qd6 Qxd6 18. exd6 Nd7 19. Kf2 Nb6 20. Be6 Rfe8 21. f5 Na4 22. Rab1 Be4 23. Bd7 Bxb1 24. Bxe8 Rxe8 25. Rxb1 Rd8 26. Rd1 Nxb2 27. Rb1 Nc4 28. Rxb7 Nxd6 29. Rxa7 Nxf5 30. Rc7 Ra8 31. a4 g6 32. Rxc5 Rxa4 33. Rc2 Re4 1/2-1/2

[Event "56th Biel Festival MTO 2023"]
[White "Frey,Fabian"]
[Black "Besou,Hussain"]
[Site "Biel"]
[Round "7.25"]
[Annotator "ChessBase"]
[Result "1/2-1/2"]
[Date "2023.07.25"]
[WhiteElo "2230"]
[BlackElo "2348"]
[PlyCount "108"]
[TimeControl "60"]

1. e4 c5 2. Nf3 d6 3. d4 cxd4 4. Nxd4 Nf6 5. Nc3 a6 6. h3 e5 7. Nf3 Be7 8. g4 h6 9. Rg1 Qc7 10. g5 hxg5 11. Nxg5 Nbd7 12. Qf3 Rf8 13. Be3 b5 14. O-O-O Bb7 15. Kb1 Rc8 16. Qe2 Nb6 17. Rg3 Rh8 18. Qd2 b4 19. Bxb6 Qxb6 20. Nd5 Nxd5 21. exd5 Rh4 22. Bd3 Rf4 23. f3 Bxd5 24. Be4 Bb7 25. Bxb7 Qxb7 26. Ne4 Qc6 27. Rxg7 d5 28. Rg8+ Bf8 29. Ng5 Rd4 30. Qe2 Rxd1+ 31. Qxd1 Ke7 32. Rh8 Qf6 33. Rg8 Qf5 34. Qd3 Qxd3 35. cxd3 Rc6 36. h4 Rh6 37. f4 Rxh4 38. Nf3 Rh1+ 39. Rg1 Rxg1+ 40. Nxg1 exf4 41. b3 Kf6 42. Kc2 Kf5 43. Kd1 Kg4 44. Ke2 Kg3 45. Nf3 Bc5 46. Ne1 Bf2 47. Nf3 Kg2 48. Nd2 Bd4 49. Nf3 Bc3 50. Nh4+ Kg3 51. Nf3 f6 52. Ng1 Bd4 53. Nf3 Be3 54. Ne1 Bd4 1/2-1/2

[Event "56th Biel Festival MTO 2023"]
[White "Aarav Dengla"]
[Black "Ouellet,Maili-Jade"]
[Site "Biel"]
[Round "7.26"]
[Annotator "ChessBase"]
[Result "1-0"]
[Date "2023.07.26"]
[WhiteElo "2343"]
[BlackElo "2201"]
[PlyCount "129"]
[TimeControl "60"]

1. e4 c5 2. Nf3 Nc6 3. d4 cxd4 4. Nxd4 Nf6 5. Nc3 e5 6. Ndb5 d6 7. Bg5 a6 8. Na3 b5 9. Nab1 Ne7 10. Nd2 d5 11. exd5 Nexd5 12. Qf3 Bb7 13. Bxf6 Qxf6 14. Nxd5 Qxf3 15. Nxf3 Bxd5 16. Nxe5 Bd6 17. Ng4 Ke7 18. Ne3 Be6 19. O-O-O Bf4 20. g3 Bxe3+ 21. fxe3 Rhc8 22. b3 Rc5 23. Bd3 a5 24. Rhf1 h5 25. Rf4 Rac8 26. Rdf1 R8c7 27. Kd2 Rd7 28. Rd4 Rdc7 29. a3 Rc8 30. Rdf4 R8c7 31. Re4 Kd6 32. Rd4+ Ke7 33. b4 Rc3 34. bxa5 Rxa3 35. Rb1 Rxa5 36. Rxb5 Ra2 37. Rdb4 g6 38. e4 Ra1 39. Rb1 Rxb1 40. Rxb1 Rc8 41. Rb4 Ra8 42. Ke3 Ra1 43. Rb2 Ra4 44. Bb5 Ra3+ 45. Kd4 h4 46. gxh4 Rh3 47. c4 Rxh4 48. Bc6 Kd6 49. Ba8 f5 50. c5+ Kc7 51. Rb7+ Kc8 52. Re7 Kb8 53. Re8+ Bc8 54. Bd5 Kc7 55. Re7+ Kb8 56. c6 fxe4 57. Kc5 Rxh2 58. Kd6 g5 59. c7+ Ka7 60. Re8 Bg4 61. Ra8+ Kb6 62. Rb8+ Ka7 63. Be6 Rh6 64. c8=Q Rxe6+ 65. Kd5 1-0

[Event "56th Biel Festival MTO 2023"]
[White "Sutter,Oliver"]
[Black "Urh,Zala"]
[Site "Biel"]
[Round "7.27"]
[Annotator "ChessBase"]
[Result "1-0"]
[Date "2023.07.25"]
[WhiteElo "2313"]
[BlackElo "2231"]
[PlyCount "79"]
[TimeControl "60"]

1. d4 Nf6 2. c4 g6 3. g3 Bg7 4. Bg2 d5 5. cxd5 Nxd5 6. e4 Nb6 7. Ne2 c5 8. d5 O-O 9. O-O e6 10. Nec3 Na6 11. Na3 exd5 12. exd5 Bf5 13. d6 Qd7 14. Bg5 f6 15. Bf4 g5 16. Be3 Rfe8 17. Qb3+ Be6 18. Qb5 Rad8 19. Rfd1 Qc8 20. Rac1 Bd7 21. Qb3+ Be6 22. Qb5 Bd7 23. Qf1 Bc6 24. Nab5 Qb8 25. a4 Kh8 26. a5 Bxg2 27. Kxg2 Nd7 28. Nd5 Re5 29. Kg1 b6 30. Nbc7 Nb4 31. Nxb4 cxb4 32. Na6 Qa8 33. axb6 Nxb6 34. Bxb6 axb6 35. Nxb4 Re6 36. d7 Bf8 37. Qc4 Re4 38. Qc8 Bxb4 39. Qxa8 Rxa8 40. Rc8+ 1-0

[Event "56th Biel Festival MTO 2023"]
[White "Adocchio,Giampiero"]
[Black "Nie,Xinyang"]
[Site "Biel"]
[Round "7.28"]
[Annotator "ChessBase"]
[Result "0-1"]
[Date "2023.07.25"]
[WhiteElo "2165"]
[BlackElo "2288"]
[PlyCount "86"]
[TimeControl "60"]

1. d4 d5 2. c4 e6 3. Nc3 a6 4. cxd5 exd5 5. Bf4 c6 6. e3 Bd6 7. Bd3 Bxf4 8. exf4 Ne7 9. Nf3 Bf5 10. O-O O-O 11. Re1 Bxd3 12. Qxd3 Nd7 13. Ne5 Nb6 14. Re3 f6 15. Nf3 Qd7 16. Rae1 Qf5 17. Nh4 Qxd3 18. Rxd3 Rae8 19. Rde3 Kf7 20. b3 Nec8 21. Nf5 Rxe3 22. fxe3 Re8 23. Kf2 g6 24. Ng3 Nd6 25. Nge2 a5 26. a4 Nd7 27. g4 h6 28. Ng3 f5 29. h3 Nf6 30. Kf3 Ke6 31. Rg1 b5 32. Rc1 Rb8 33. axb5 cxb5 34. g5 hxg5 35. fxg5 Nfe4 36. Ncxe4 dxe4+ 37. Ke2 Rh8 38. Rh1 a4 39. bxa4 bxa4 40. h4 a3 41. h5 Rb8 42. Kd2 Rb2+ 43. Kc3 Kd5 0-1

[Event "56th Biel Festival MTO 2023"]
[White "Schnepp,Gunnar"]
[Black "Wang,Chuqiao"]
[Site "Biel"]
[Round "7.29"]
[Annotator "ChessBase"]
[Result "1/2-1/2"]
[Date "2023.07.25"]
[WhiteElo "2278"]
[BlackElo "2161"]
[PlyCount "66"]
[TimeControl "60"]

1. Nf3 Nf6 2. c4 e6 3. g3 d5 4. Bg2 c6 5. O-O Be7 6. b3 O-O 7. Bb2 b6 8. d4 Bb7 9. Nc3 c5 10. Ne5 Nbd7 11. cxd5 exd5 12. Nd3 cxd4 13. Nb5 Nc5 14. Nf4 d3 15. exd3 a6 16. Nd4 Bd6 17. b4 Ncd7 18. Qd2 Re8 19. Nf5 Be5 20. Bxe5 Nxe5 21. a3 Qd7 22. Nd4 Ng6 23. Bh3 Qc7 24. Rac1 Qd8 25. Rfe1 Rxe1+ 26. Rxe1 Qf8 27. Nxg6 hxg6 28. Qc3 Qd6 29. Nf3 Rd8 30. Qd4 Bc8 31. Bg2 Bb7 32. Bh3 Bc8 33. Bg2 Bb7 1/2-1/2

[Event "56th Biel Festival MTO 2023"]
[White "Asllani,Dorian"]
[Black "Akshit Kumar J"]
[Site "Biel"]
[Round "7.30"]
[Annotator "ChessBase"]
[Result "0-1"]
[Date "2023.07.25"]
[WhiteElo "2272"]
[BlackElo "2105"]
[PlyCount "100"]
[TimeControl "60"]

1. d4 d5 2. c4 c6 3. Nc3 Nf6 4. e3 e6 5. Nf3 Nbd7 6. Bd3 dxc4 7. Bxc4 b5 8. Bd3 Bd6 9. O-O O-O 10. Qc2 Bb7 11. e4 e5 12. Nxe5 Nxe5 13. dxe5 Bxe5 14. h3 Re8 15. Be3 a6 16. f4 Bxc3 17. bxc3 c5 18. e5 c4 19. Be2 Be4 20. Qb2 Nd5 21. Bd4 Qh4 22. Qd2 Rad8 23. Kh2 Qh6 24. Rae1 f5 25. Bf3 Bxf3 26. Rxf3 Qe6 27. Rb1 Qc6 28. Rg3 Nc7 29. Qc2 Ne6 30. Be3 Rd3 31. a4 Qe4 32. Qc1 Rxc3 33. Qxc3 Qxb1 34. Qa5 b4 35. Qd5 Qe4 36. Qxe4 fxe4 37. f5 b3 38. Bc1 Nc5 39. e6 g6 40. Rc3 gxf5 41. Rg3+ Kf8 42. Ba3 Ke7 43. Bxc5+ Kxe6 44. Ba3 Kd5 45. Kg1 e3 46. Kf1 c3 47. Rg7 Rb8 48. Rd7+ Kc4 49. Rd1 b2 50. Rb1 c2 0-1

[Event "56th Biel Festival MTO 2023"]
[White "Zhang,Lanlin"]
[Black "Abdulrahman Mohammad,Al Taher"]
[Site "Biel"]
[Round "7.31"]
[Annotator "ChessBase"]
[Result "1-0"]
[Date "2023.07.25"]
[WhiteElo "2194"]
[BlackElo "2258"]
[PlyCount "111"]
[TimeControl "60"]

1. e4 c5 2. Nf3 d6 3. d4 cxd4 4. Nxd4 Nf6 5. Nc3 Nc6 6. Bg5 e6 7. Qd2 a6 8. O-O-O Bd7 9. f3 Be7 10. g4 h5 11. gxh5 Nxh5 12. Bxe7 Qxe7 13. Nde2 b5 14. Qxd6 Qxd6 15. Rxd6 Ne5 16. f4 Ng4 17. Bg2 b4 18. e5 Rc8 19. Nd1 Nh6 20. Ne3 Bb5 21. Bb7 Rb8 22. Bc6+ Bxc6 23. Rxc6 a5 24. Ra6 O-O 25. Rxa5 Rfc8 26. Rd1 b3 27. axb3 Rxb3 28. c3 Rb4 29. Rd8+ Rxd8 30. cxb4 f6 31. b5 Rb8 32. Kc2 fxe5 33. fxe5 Nf5 34. Nc4 g5 35. b6 Nf4 36. Nxf4 gxf4 37. Kd2 Ne3 38. Nxe3 fxe3+ 39. Kxe3 Rxb6 40. Ra2 Kf7 41. Kd4 Rb5 42. Kc4 Rxe5 43. b4 Ke7 44. Rd2 Re1 45. b5 e5 46. b6 e4 47. Rb2 Rc1+ 48. Kd4 Rc8 49. b7 Rb8 50. Kxe4 Ke6 51. h4 Kd6 52. Kf5 Kc7 53. h5 Rf8+ 54. Kg6 Kb8 55. h6 Rd8 56. Rh2 1-0

[Event "56th Biel Festival MTO 2023"]
[White "Gomez Barrera,Javiera Belen"]
[Black "Vincenti,Leonardo"]
[Site "Biel"]
[Round "7.32"]
[Annotator "ChessBase"]
[Result "1-0"]
[Date "2023.07.25"]
[WhiteElo "2256"]
[BlackElo "2117"]
[PlyCount "61"]
[TimeControl "60"]

1. e4 c5 2. Nf3 d6 3. d4 cxd4 4. Nxd4 Nf6 5. Nc3 a6 6. Bg5 e6 7. f4 Be7 8. Qf3 Qc7 9. O-O-O Nbd7 10. g4 b5 11. Bxf6 Nxf6 12. g5 Nd7 13. f5 Bxg5+ 14. Kb1 Ne5 15. Qh5 h6 16. Nxe6 Bxe6 17. fxe6 g6 18. exf7+ Kxf7 19. Qe2 Qd8 20. Qf2+ Kg7 21. Qd4 Rf8 22. Nd5 Bh4 23. Be2 Rf2 24. Rdf1 Qf8 25. Nc7 Qc8 26. Qxd6 Rxe2 27. Qxe5+ Kg8 28. Qd5+ Kh8 29. Qxa8 Qxa8 30. Nxa8 Rxe4 31. Rf7 1-0

[Event "56th Biel Festival MTO 2023"]
[White "Costello,Alexander"]
[Black "Collin,Moritz Valentin"]
[Site "Biel"]
[Round "7.33"]
[Annotator "ChessBase"]
[Result "1-0"]
[Date "2023.07.25"]
[WhiteElo "2224"]
[BlackElo "2132"]
[PlyCount "51"]
[TimeControl "60"]

1. c4 e5 2. Qc2 Nf6 3. e3 Nc6 4. a3 a5 5. Nc3 Bc5 6. Be2 O-O 7. Bf3 Ne7 8. Nge2 d6 9. O-O Bf5 10. d3 c6 11. Ne4 Ng6 12. N2g3 Be6 13. Nxc5 dxc5 14. b3 Nd7 15. Be2 f5 16. f4 Qc7 17. Bb2 exf4 18. Nh5 fxe3 19. Nxg7 Qd6 20. d4 cxd4 21. Bxd4 f4 22. Rad1 Qe7 23. Qe4 Bf5 24. Nxf5 Qg5 25. Qe6+ Rf7 26. Nd6 1-0

[Event "56th Biel Festival MTO 2023"]
[White "Malli,Suvirr"]
[Black "Kamber,Bruno"]
[Site "Biel"]
[Round "7.34"]
[Annotator "ChessBase"]
[Result "0-1"]
[Date "2023.07.25"]
[WhiteElo "2094"]
[BlackElo "2214"]
[PlyCount "100"]
[TimeControl "60"]

1. e4 c6 2. d4 d5 3. exd5 cxd5 4. Nf3 a6 5. Ne5 Nc6 6. c3 Nxe5 7. dxe5 Bf5 8. Be2 e6 9. Be3 Ne7 10. O-O Nc6 11. f4 h5 12. a4 g6 13. Na3 Be7 14. Nc2 Rc8 15. Nd4 Nxd4 16. Bxd4 Bc5 17. a5 Kf8 18. Bxc5+ Rxc5 19. Qd4 Qc7 20. Qb4 Kg7 21. h3 Rb8 22. Qa3 b6 23. Kh2 Rxa5 24. Qb4 Rxa1 25. Rxa1 a5 26. Qd4 b5 27. Qf2 b4 28. Qg3 bxc3 29. Qxc3 Qxc3 30. bxc3 Rb3 31. Rxa5 Rxc3 32. Ra1 h4 33. Rd1 Re3 34. Bf1 Rg3 35. Rd4 Be4 36. Rd2 g5 37. Rf2 Kg6 38. fxg5 Bf5 39. Bb5 Rb3 40. Be8 Rb8 41. Ba4 Kxg5 42. g4 Be4 43. Bc2 Rb2 44. Rxf7 Rxc2+ 45. Kg1 d4 46. Kf1 Bg2+ 47. Ke1 d3 48. Rd7 Bd5 49. Rh7 Kf4 50. Rxh4 Ke3 0-1